 Dungeon Crawl Stone Soup version 0.19.1 (webtiles) character file.

61 Charlie the Cutter (level 4, -1/26 HPs)
             Began as a Kobold Assassin on Dec 12, 2016.
             Succumbed to an adder's poison
             ... on level 2 of the Dungeon.
             The game lasted 00:02:31 (883 turns).

Charlie the Cutter (Kobold Assassin)                 Turns: 883, Time: 00:02:31

Health: -1/26      AC:  3    Str:  8    XL:     4   Next: 27%
Magic:  4/4        EV: 14    Int: 13    God:
Gold:   31         SH:  0    Dex: 16    Spells: 0 memorised, 3 levels left

rFire  x . .     SeeInvis .     a - +2 dagger
rCold  + . .     Gourm    .     c - +0 robe
rNeg   . . .     Faith    .     (shield restricted)
rPois  .         Spirit   .     (no helmet)
rElec  .         Reflect  .     d - +0 cloak
rCorr  .         Harm     .     (no gloves)
MR     .....                    (no boots)
Stlth  +++.......               k - amulet of inaccuracy (curse)
                                (no ring)
                                l - ring of ice

@: lethally poisoned (-1 -> -18), hasted, very quick
A: carnivore 3
a: no special abilities


You were on level 2 of the Dungeon.
You were completely stuffed.

You visited 1 branch of the dungeon, and saw 2 of its levels.

You collected 31 gold pieces.

Inventory:

Hand Weapons
 a - a +2 dagger (weapon)
 b - a +0 blowgun
Missiles
 e - 4 poisoned needles
Armour
 c - a +0 robe (worn)
 d - a +0 cloak (worn)
Jewellery
 k - a cursed amulet of inaccuracy (around neck)
 l - a ring of ice (left hand)
Scrolls
 i - 2 scrolls of enchant weapon {unknown}
 j - a scroll of magic mapping {unknown}
 n - a scroll of identify {unknown}
 o - a scroll of immolation {unknown}
Comestibles
 g - 2 meat rations
 h - a beef jerky
 p - 2 chunks of flesh


   Skills:
 - Level 2.1 Fighting
 + Level 5.6 Short Blades
 - Level 2.1 Throwing
 - Level 1.2 Dodging
 - Level 5.3 Stealth


You had 3 spell levels left.
You didn't know any spells.

Dungeon Overview and Level Annotations

Branches:
Dungeon (2/15)

Altars:
Gozag


Innate Abilities, Weirdness & Mutations

You are small and have problems with some larger weapons.
You are carnivorous and can eat meat at any time.


Message History

a - a +2 dagger (weapon)
* * * LOW HITPOINT WARNIN'
* * * Ye feel sick.
Ye hit tha adder.
Tha adder be almost dead.
* * * LOW HITPOINT WARNIN'
* * * Ye feel sick.
Tha adder closely misses ye.
Ye closely miss tha adder.
Tha adder be almost dead.
Tha adder bites ye.
* * * LOW HITPOINT WARNIN'
* * * Ye be more poison'd.
Tha adder poisons ye!
Ye closely miss tha adder.
Tha adder be almost dead.
* * * LOW HITPOINT WARNIN'
* * * Ye feel sick.
Ye kill tha adder!
It was a potion o' haste.
Ye feel yerself speed up.
Ye die...

###########.##.....##
#...........#.8...8.#
#.#####.###.#.......###
#.......# #....._.....#
#..#....# ###.......#.#
#..#.#.## #.8...8.#.# #
#..#.#.# ##.....##.###
....#..#.#.#########.####....
#..>.......@(.....(.........
###(#.#.###############.#.##
.....#.# #.......#.#
###.###.# #.......#.## #. #.#
#######....#...... # .)K
.......†.......... ###
######....#......
#.....÷.#......
#.......#......


There were no monsters in sight!

Vanquished Creatures
  2 adders (D:2)
  An ooze (D:1)
  A worm (D:2)
  A dart slug (D:1)
  3 bats
  2 giant cockroaches
  5 goblins
  6 hobgoblins
  2 jackals (D:1)
  2 frilled lizards (D:1)
  6 kobolds (D:1)
  3 rats (D:1)
34 creatures vanquished.

Notes
Turn   | Place    | Note
-------+----------+-------------------------------------------
     0 | D:1      | Charlie the Kobold Assassin began the quest for the Orb.
     0 | D:1      | Reached XP level 1. HP: 12/12 MP: 1/1
   194 | D:1      | Reached XP level 2. HP: 17/17 MP: 2/2
   431 | D:1      | Reached XP level 3. HP: 16/21 MP: 3/3
   783 | D:2      | Reached skill level 5 in Short Blades
   791 | D:2      | Reached XP level 4. HP: 22/26 MP: 4/4
   813 | D:2      | Found an opulent altar of Gozag.
   882 | D:2      | HP: 1/26 [poisoned by an adder]
   883 | D:2      | Succumbed to an adder's poison

Skill      XL: |  1  2  3 |
---------------+----------+-----
Short Blades   | 3 4 5 |  5.6
Fighting       | |  2.1
Throwing       | |  2.1
Dodging        | |  1.2
Stealth        | |  5.3

Action                   |  1- 3 |  4- 6 || total
-------------------------+-------+-------++-------
Melee: Dagger            |    83 |    24 ||   107
 Fire: Blowgun           |       |     6 ||     6
  Use: Potion            |       |     1 ||     1
 Stab: Sleeping          |    17 |     1 ||    18
  Eat: Chunk             |     8 |       ||     8
Armor: Robe              |     6 |     4 ||    10
Dodge: Dodged            |    42 |    25 ||    67
